[Event "Rosh Hashanah Rapid 2022"]
[Site "Ramat Gan"]
[Date "2022.09.25"]
[Round "6.1"]
[White "Mindlin, Alon"]
[Black "Dvoirys, Semen I."]
[Result "0-1"]
[ECO "D71"]
[WhiteElo "2426"]
[BlackElo "2461"]
[Annotator "TA"]
[PlyCount "106"]
[EventDate "2022.09.25"]
[EventType "rapid"]
[EventCountry "ISR"]
[SourceTitle "playchess.com"]
[Source "ChessBase"]
[SourceQuality "1"]
[TimeControl "900+5"]

1. d4 Nf6 2. c4 g6 3. Nc3 d5 4. cxd5 Nxd5 5. g3 Bg7 6. Bg2 Nb6 7. Nf3 Nc6 8. O-O Nxd4 9. Nxd4 Qxd4 10. Nb5 {[%emt 0:01:32] D71: Fianchetto Grünfeld: 3 g3 d5 sidelines and 5 cxd5 (without Nf3).} Qc4 11. Qb3 {[%emt 0:00:39] [#] Hoping for Qxc4.} Be5 12. Bf4 {[%emt 0:01:48] The position is equal.} Bxf4 13. Qxc4 Nxc4 14. gxf4 O-O {[%emt 0:02:00] [#]} 15. Nxc7 $146 ({Predecessor:} 15. Rac1 Nd6 16. Nxc7 Rb8 17. Nd5 Re8 18. e4 Kf8 19. Rc3 Rd8 20. Rd1 Bg4 21. f3 {½-½ (33) Coleman,G-Micklethwaite,M England 1997}) 15... Rb8 16. Rfc1 Nxb2 17. Rab1 Na4 18. Nd5 Re8 19. Rc7 Kf8 20. h4 a6 21. Nb4 (21. e3 $11 {remains equal.}) 21... Bf5 $17 22. e4 Be6 23. e5 (23. f5 $17 gxf5 24. exf5 Bxf5 25. Rbc1) 23... a5 $19 24. Nd5 b5 25. a3 Bxd5 26. Bxd5 b4 (26... Red8 $17 27. Be4 Rbc8 28. Rxc8 Rxc8) 27. axb4 $15 axb4 28. Bb7 $2 (28. Bf3 $1 $15) 28... Nc5 29. Bf3 Nd3 ({Black should try} 29... Ne6 $19 30. Rc4 b3) 30. Rc4 (30. Rb3 $17 {was called for.} Nxf4 31. Rc4) 30... Rec8 $19 31. Rd4 Rc1+ 32. Rxc1 Nxc1 {[%emt 0:00:01][%mdl 4096] Endgame KRB-KRN} 33. Rc4 Na2 34. Be4 Nc3 35. Bc2 Nd5 {[%emt 0:00:25] aiming for ...b3.} 36. Bb3 e6 37. Kg2 (37. h5 $142) 37... h5 38. Kg3 Ra8 {[%emt 0:00:41] [#] Strongly threatening ...Ra3.} 39. f3 (39. Kg2 $142) 39... Rb8 40. Rd4 Ne3 {[%emt 0:00:03] ( -> ...Nf5+)} 41. Re4 Nf5+ 42. Kh3 Ke7 43. Rc4 Kd8 44. Rc2 Ke7 45. Rc4 $1 Rd8 46. Rxb4 Rd3 47. Rb7+ $2 (47. Ba4) 47... Kf8 48. Rb8+ Kg7 49. Rb7 $2 (49. Rb4 {is the only way for White.}) 49... Rxf3+ {[%emt 0:03:19] Black is clearly winning.} 50. Kh2 Nd4 51. Bc4 Rxf4 52. Kg3 Re4 {[%emt 0:00:00] ...Nf5+ is the strong threat.} 53. Rd7 Nf5+ {[%emt 0:00:00] Weighted Error Value: White=0.55/Black=0.25 (precise)} 0-1

[Event "Rosh Hashanah Rapid 2022"]
[Site "Ramat Gan"]
[Date "2022.09.25"]
[Round "6.2"]
[White "Sokolovsky, Yahli"]
[Black "Ben Ari, Yannay"]
[Result "1-0"]
[ECO "B30"]
[WhiteElo "2419"]
[BlackElo "2387"]
[Annotator "TA"]
[PlyCount "69"]
[EventDate "2022.09.25"]
[EventType "rapid"]
[EventCountry "ISR"]
[SourceTitle "playchess.com"]
[Source "ChessBase"]
[SourceQuality "1"]
[TimeControl "900+5"]

1. e4 {[%emt 0:00:02] Polgar,Zsu} c5 2. Nf3 Nc6 3. Bb5 e6 4. O-O Nge7 5. c3 a6 6. Ba4 b5 7. Bc2 Bb7 8. Re1 Rc8 9. d4 {[%emt 0:01:29] B30: Sicilian: 2...Nc6 3 Bb5, lines without ...g6.} cxd4 10. a4 Ng6 (10... dxc3 $15 11. Nxc3 b4) 11. axb5 $14 {[%emt 0:00:22] White is slightly better.} axb5 12. cxd4 Nb4 $1 13. Bb3 Rxc1 14. Qxc1 {[%emt 0:00:02] And now Qe3 would win.} Nd3 15. Qe3 Nxe1 {[%emt 0:00:03] [#]} 16. Nxe1 $146 ({Predecessor:} 16. Qxe1 Be7 17. Nc3 O-O 18. Nxb5 Qb6 19. Bc4 f5 20. e5 Bxf3 21. gxf3 Nh4 22. Qc3 {0-1 (41) Ioseliani,N (2445)-Polgar,Z (2540) Shanghai 1992 CBM 033 [Polgar,Zsu]}) 16... Be7 17. Nd3 O-O 18. Nc3 b4 19. Na4 Qa5 20. Ra2 Qb5 {[%emt 0:02:30] Threatens to win with ...Ba6.} 21. Nac5 {[%emt 0:00:04] Against Ba6. Strongly threatening Ba4.} Bxc5 22. Nxc5 {[%emt 0:00:03] Hoping for Ba4.} ({Not} 22. dxc5 $2 Ba6 23. Rxa6 (23. Bc2 $2 Ne5 $19) 23... Qxa6 $19) 22... Ra8 {[%emt 0:00:21] [#]} (22... Bc8 $14) 23. Ba4 $1 $16 Qb6 24. Nxd7 Qd6 25. Nc5 $36 {[%emt 0:00:24][%mdl 2048] Black is under strong pressure.} Bc6 26. Bb3 Rd8 27. Ra6 Ne7 {[%emt 0:00:05] [#] Against d5. Black cannot hold the game after this.} (27... Ra8 $16) 28. Nb7 $18 {[%emt 0:00:35] White is clearly winning.} Bxb7 29. Rxd6 Rxd6 30. Qf4 Rxd4 31. Qc7 Ng6 32. Qxb7 h5 33. g3 h4 34. Kg2 Kf8 35. Qc8+ {[%emt 0:00:04] Weighted Error Value: White=0.11 (very precise) /Black=0.50} 1-0

[Event "Rosh Hashanah Rapid 2022"]
[Site "Ramat Gan"]
[Date "2022.09.25"]
[Round "6.3"]
[White "Levin, Guy"]
[Black "Zanan, Evgeny"]
[Result "1/2-1/2"]
[ECO "E03"]
[WhiteElo "2382"]
[BlackElo "2485"]
[Annotator "TA"]
[PlyCount "142"]
[EventDate "2022.09.25"]
[EventType "rapid"]
[EventCountry "ISR"]
[SourceTitle "playchess.com"]
[Source "ChessBase"]
[SourceQuality "1"]
[TimeControl "900+5"]

1. Nf3 d5 2. c4 e6 3. g3 dxc4 4. Qa4+ Nd7 5. Qxc4 a6 6. Bg2 b5 7. Qc2 Bb7 8. d4 Ngf6 9. O-O c5 10. Rd1 {[%emt 0:01:08] E03: Open Catalan: 5 Qa4+ Nbd7 6 Qxc4.} Rc8 11. Qd2 Qb6 {[%emt 0:01:02] [#]} 12. b3 $146 {[%emt 0:01:04] Black is slightly better.} ({Predecessor:} 12. a3 cxd4 13. Nxd4 Bxg2 14. Kxg2 Bc5 15. Nc3 O-O 16. f3 Rfd8 17. Nb3 Bf8 18. Qe3 {1-0 (59) Romanov,K (2023)-Marn,J (2292) Tornelo INT 2021}) 12... Ne4 13. Qe1 (13. dxc5 $11 Nxd2 14. cxb6 Nxf3+ 15. exf3) 13... cxd4 $17 14. Nxd4 {[%emt 0:00:27] [#]} Bc5 (14... Rxc1 $1 $17 15. Rxc1 Qxd4) 15. Be3 $1 $11 b4 16. Nd2 Nxd2 17. Bxb7 Qxb7 18. Qxd2 Nf6 {[%emt 0:00:09] [#]} 19. Nxe6 $1 fxe6 (19... Bxe3 $2 20. Nxg7+ (20. Qxe3 fxe6 21. Qxe6+ Kf8 $15) 20... Kf8 21. Qxe3 $18) 20. Bxc5 Ne4 21. Qd4 Nxc5 22. Rac1 Qe7 23. Rc4 (23. Rc2 $14 {stays ahead.}) 23... O-O $17 24. Rdc1 Rfd8 25. Qb2 (25. Qh4 $15 g5 26. Qh6) 25... Rc7 26. Rxb4 Rcd7 27. Rbc4 Nb7 28. Qe5 Rd1+ 29. Rxd1 Rxd1+ 30. Kg2 Nd6 31. Rc6 Qb7 32. Qc5 Rd5 33. Qc2 {[%emt 0:00:16] [#]} Rd2 $3 34. Qc5 Ne8 35. e4 {[%emt 0:00:04] [#]} h6 ({Black should try} 35... Rd4 $1 $17 36. Qb6 (36. Rxe6 Rxe4) 36... Qxb6 37. Rxb6 Rxe4) 36. Rxe6 $11 Nf6 37. Re7 {[%emt 0:00:04] Against Qf7} Rd7 38. Rxd7 Qxd7 39. Qc4+ Kh7 40. Qxa6 Qd4 41. Qe6 Nxe4 42. Qf5+ Kg8 43. Qe6+ Kh8 44. Qc8+ Kh7 45. Qf5+ Kg8 46. Qe6+ Kh8 47. Qc8+ Kh7 48. Qf5+ Kh8 49. a4 Nd6 50. Qf8+ {[%emt 0:00:05][%mdl 1024] White has compensation.} Kh7 51. Qf3 Qb4 52. h4 (52. a5 $5) 52... Kg8 (52... Nb7 $11 {remains equal.}) 53. Qd5+ $16 Kf8 $2 (53... Kh8 $16 {was worth a try.}) 54. a5 $18 Ke7 55. a6 $1 Qb6 56. Qe5+ $2 (56. a7 Qxa7 57. Qe5+ Kf7 $16) (56. Qa8 $1 $18 {And now a7 would win.} Ne8 57. a7) 56... Kf7 $16 57. Qd5+ $2 (57. a7 $16 Qxa7 58. Qxd6) 57... Ke7 $18 {[%emt 0:00:01] [#]} 58. Qe5+ $2 ({Weaker is} 58. a7 Qxa7 59. Qe5+ Kf7 $16) (58. Qa8 $1 $18 {is the precise move to win. Hoping for a7.} Ne8 59. a7) 58... Kf7 $1 $16 59. Qd5+ $2 (59. a7 $16 Qxa7 60. Qxd6) 59... Ke7 $18 {[%emt 0:00:01] [#]} 60. Qe5+ $2 ({Not} 60. a7 Qxa7 61. Qe5+ Kf7 $16) (60. Qa8 $1 $18 {and the rest is easy. Threatens to win with a7.} Kd7 61. a7) 60... Kf7 $1 $16 61. a7 Qb7+ $2 (61... Qxa7 $16 {is more resistant.} 62. Qxd6 Qb7+ 63. Kh2 Qxb3 64. Qf4+ Kg8) 62. f3 $2 (62. Kg1 $18 {Qa5 is the strong threat.} Qxa7 63. Qxd6) 62... Qxa7 63. Qxd6 {[%emt 0:00:04][%mdl 4096] Endgame KQ-KQ} Qa2+ 64. Kh3 {[%emt 0:00:02] Strongly threatening Qd5+.} Qxb3 65. f4 ({White should play} 65. Qd7+ $16 Kf6 66. Qc6+ Kf7 67. Kg4) 65... Qb1 66. Qd5+ Kf8 67. Qd8+ Kf7 68. Qd5+ Kf8 $1 69. h5 Qf1+ 70. Kh2 (70. Kg4 $14) 70... Qe2+ $1 $11 71. Kh3 (71. Kg1 $11) 71... Qf1+ $1 {[%emt 0:00:01] Quite a comeback for White.  Weighted Error Value: White=0.33/Black=0.21 (precise)} 1/2-1/2

[Event "Rosh Hashanah Rapid 2022"]
[Site "Ramat Gan"]
[Date "2022.09.25"]
[Round "6.4"]
[White "Zemach, Nadav"]
[Black "Aizenberg, Benny"]
[Result "1-0"]
[ECO "A88"]
[WhiteElo "2238"]
[BlackElo "2412"]
[Annotator "TA"]
[PlyCount "99"]
[EventDate "2022.09.25"]
[EventType "rapid"]
[EventCountry "ISR"]
[SourceTitle "playchess.com"]
[Source "ChessBase"]
[SourceQuality "1"]
[TimeControl "900+5"]

1. d4 f5 2. c4 Nf6 3. g3 g6 4. Bg2 Bg7 5. Nc3 O-O 6. Nf3 d6 7. O-O c6 {[%emt 0:00:01] now scores much better than the old 7...Qe8.} 8. Re1 Na6 9. Qb3 {[%emt 0:00:30] A88: Dutch Defence: Leningrad System: 5 Nf3 0-0 6 0-0 d6 7 Nc3 c6.} Ne4 {[%emt 0:01:24] [#]} 10. Bf4 $146 ({Predecessor:} 10. Be3 Nxc3 11. Qxc3 Qe8 12. Qc1 e5 13. Bh6 e4 14. Bxg7 Kxg7 15. Nd2 Be6 16. Qc3 d5 {0-1 (42) Pakleza,Z (2520)-Kuzubov,Y (2638) Abu Dhabi 2015}) 10... Qb6 11. Rad1 {[%emt 0:00:08] The position is equal.} Qxb3 12. axb3 Nb4 13. Rc1 c5 14. Be3 cxd4 15. Nxd4 Nc5 {[%emt 0:00:03] Strongly threatening ...Bxd4.} 16. Nd5 Nxd5 (16... Bxd4 {with more complications.} 17. Bxd4 Nxb3 18. Nxe7+ Kf7) 17. Bxd5+ e6 18. Bf3 Bxd4 19. Bxd4 Nxb3 20. Rcd1 e5 (20... Na5 $11) 21. Bd5+ $14 Kg7 22. Bc3 f4 (22... Nc5 $14) 23. Bf3 {[%emt 0:00:18] A strong pair of Bishops.} Rf6 (23... fxg3 $16 24. hxg3 Rf6) 24. gxf4 $18 Rxf4 25. Rxd6 Nd4 26. Rd1 (26. Bd5 $1 $18) 26... Nxf3+ $14 27. exf3 Rxc4 28. Bxe5+ Kh6 29. Rd8 b5 (29... a5 $142) 30. Bd4 {[%emt 0:00:00] White has more active pieces.} (30. Rf8 $1 $16) 30... a5 $2 (30... Rb8 $14) 31. Be3+ (31. Rg8 $1 $18 {is the precise move to win. Be3+ is the strong threat.} Kg5 32. Be3+ Kf6 33. Rdd8) 31... Kg7 $16 32. Bd4+ (32. Re8 $1 $16) 32... Kh6 $1 $18 33. Be3+ (33. Rg8 $1 $18 {Threatens to win with Be3+.} Kg5 34. Be3+ Kf5 35. Rf8+ Ke5 36. Rdd8) 33... Kg7 $16 34. Re8 $1 Ra6 35. Rdd8 Be6 36. Bg5 (36. Re7+ $16 Kf6 37. Rxh7) 36... Rc5 (36... Rc7 $11 {keeps the balance.}) 37. h4 (37. Re7+ $16 Bf7 38. Be3) 37... Bf7 (37... Rc7 $11) 38. Re7 $14 Re6 {[%emt 0:00:01][%cal Oc5g5] [#]} 39. Ra7 $1 {[%emt 0:00:00] Black must now prevent Be3.} b4 $2 (39... Ree5 $16) 40. Rdd7 $2 ({Better is} 40. Be3 $18 Rf5 41. Bd4+ Kh6 42. Rdd7) 40... Rf5 41. Kg2 h6 42. Be3 {[%emt 0:00:00] And now Ra8 would win.} g5 43. h5 Kf8 44. Bd4 Ke8 {[%emt 0:00:10] [#]} 45. Rdb7 ({White should play} 45. Bc5 $1 $16 {[%cal Od7b7][%mdl 512] aiming for Rdb7!} Rxc5 46. Rxf7) 45... Kf8 $1 46. Rb8+ Re8 47. Rb6 Bxh5 $2 (47... Re6 $14) 48. Rxh6 $18 Bxf3+ 49. Kg3 Rf7 50. Rh8# {[%emt 0:01:04] Weighted Error Value: White=0.51/Black=0.54} 1-0

[Event "Rosh Hashanah Rapid 2022"]
[Site "Ramat Gan"]
[Date "2022.09.25"]
[Round "6.5"]
[White "Levitan, Tal"]
[Black "Parkhov, Yair"]
[Result "0-1"]
[ECO "B06"]
[WhiteElo "2212"]
[BlackElo "2479"]
[Annotator "TA"]
[PlyCount "94"]
[EventDate "2022.09.25"]
[EventType "rapid"]
[EventCountry "ISR"]
[SourceTitle "playchess.com"]
[Source "ChessBase"]
[SourceQuality "1"]
[TimeControl "900+5"]

1. e4 g6 2. d4 Bg7 3. Nf3 d6 4. Nc3 a6 5. Be2 b5 6. O-O Nd7 {[%emt 0:00:12] B06: Modern Defence.} 7. Re1 Bb7 8. a4 {[%emt 0:00:03] The main line 8.a4 scores better than 8.Bf1.} b4 {[%emt 0:00:06] White is slightly better.} 9. Na2 a5 10. c3 {[%emt 0:00:02] [#]} Bxe4 $146 ({Predecessor:} 10... bxc3 11. Nxc3 e6 12. Bg5 Ne7 13. Rc1 h6 14. Bd2 c6 15. d5 cxd5 16. Nb5 O-O 17. Nxd6 {½-½ (53) Makhnev,D (2513)-Nakamura,H (2736) Chess.com INT 2021}) 11. cxb4 Ngf6 12. bxa5 Rxa5 13. Nc3 O-O ({Black should play} 13... Ba8) 14. Nxe4 $16 Nxe4 15. Bb5 d5 16. b4 {[%emt 0:01:04] Inhibits c5.} Ra7 17. Qb3 ({Better is} 17. Be3 $16) 17... e6 (17... c5 $1 $11) 18. Bf4 g5 {[%emt 0:00:17] [#]} 19. Nxg5 Nxg5 20. Bxg5 (20. Bxd7 $16 {Black must now prevent Bc6.} Ne4 21. Bc6) 20... Qxg5 $11 21. Bxd7 c5 {[%emt 0:00:44] ...c4 is the strong threat.} ({Of course not} 21... Bxd4 $6 22. Ra2 $15) 22. Bb5 Bxd4 23. Rad1 c4 24. Qf3 Bg7 {[%emt 0:00:07] Black is more active.} 25. g3 Rb8 26. h4 Qf6 27. Qe3 Rc7 28. Qe2 Qb2 29. Qxb2 Bxb2 30. Re2 c3 31. Rc2 Rcb7 32. Rd4 (32. f3 $11 {deserves consideration.}) 32... Kf8 $17 33. Kf1 Ke7 34. Ke2 Kd6 35. Kd1 $2 {[%emt 0:00:15][%mdl 8192] [#] White does not recover from this.} (35. f3 $17 {was called for.}) 35... e5 $1 $19 36. Rg4 e4 37. Rf4 Ke5 38. Re2 $2 (38. f3 f5 39. fxe4 fxe4 40. Rcf2) 38... f5 39. Kc2 Rxb5 40. axb5 {[%emt 0:00:04][%mdl 4096] Endgame KRR-KRB} d4 {[%emt 0:00:02] ( -> ...d3+)} 41. Kb3 Bc1 $2 (41... d3 42. Re1 Rxb5) 42. Ra2 (42. Rf3 Rxb5 43. Rd3) 42... Bxf4 {[%emt 0:00:54] Black is clearly winning.} 43. gxf4+ Kxf4 {[%emt 0:00:02] Hoping for ...e3.} 44. Kc4 Rc8+ 45. Kxd4 c2 46. Rxc2 Rxc2 47. b6 Rc6 {[%emt 0:00:02] Weighted Error Value: White=0.73/Black=0.25 (precise)} 0-1

[Event "Rosh Hashanah Rapid 2022"]
[Site "Ramat Gan"]
[Date "2022.09.25"]
[Round "6.6"]
[White "Vagman, Roy"]
[Black "Gorodetzky, David"]
[Result "0-1"]
[ECO "B12"]
[WhiteElo "2287"]
[BlackElo "2495"]
[Annotator "TA"]
[PlyCount "108"]
[EventDate "2022.09.25"]
[EventType "rapid"]
[EventCountry "ISR"]
[SourceTitle "playchess.com"]
[Source "ChessBase"]
[SourceQuality "1"]
[TimeControl "900+5"]

1. e4 c6 2. d4 d5 3. e5 c5 4. dxc5 e6 5. c3 Nd7 6. Nf3 {[%emt 0:01:25] B12: Caro-Kann: Advance Variation.} Bxc5 7. Bd3 Ne7 {[%emt 0:00:13] [#]} (7... f6 $142) 8. b4 $146 {[%emt 0:00:32] White has an edge.} ({Predecessor:} 8. Bf4 Ng6 9. Bg3 f6 10. exf6 Qxf6 11. Bxg6+ Qxg6 12. O-O O-O 13. Nbd2 Nf6 14. Ne5 {1-0 (35) Belikov,V (2495)-Zangiev,P (2344) Voronezh 1999}) 8... Bb6 9. Bf4 (9. Qe2 {is more appropriate.}) 9... Ng6 (9... a5 $11) 10. Bg3 $14 a5 11. O-O f6 (11... O-O $11 {should be considered.}) 12. Bxg6+ hxg6 13. Qd3 Kf7 14. Nbd2 axb4 15. cxb4 g5 {[%emt 0:00:38] White must now prevent ...g4.} 16. exf6 gxf6 17. Rfe1 Nf8 18. a4 Bd7 19. a5 Bc7 (19... Ba7 $14) 20. Qc3 (20. Nb3 $16) 20... Bxg3 21. fxg3 Ng6 22. Rf1 Kg8 23. Rac1 Rh7 24. Qd3 Rg7 (24... Ne7 $5 ) 25. Qe2 (25. Rf2 $14 {was preferrable.}) 25... Qe7 26. Rc5 Qd6 27. Rd1 g4 28. Nd4 Ne5 29. Ne4 $2 {[%emt 0:00:46][%mdl 8192] Black continues to play with concentration.} dxe4 $19 30. Nf5 {[%emt 0:00:01] [#]} Qxc5+ 31. bxc5 exf5 32. Qa2+ Kh7 33. Rd6 Rf7 34. Kf2 Kg7 35. h3 Nd3+ 36. Kg1 gxh3 37. gxh3 Bc6 38. Qd2 Re8 39. Qe3 Re5 40. a6 Nxc5 ({Less strong is} 40... f4 41. gxf4 Re8 42. axb7 Rxb7 43. Rxc6 $18) (40... Rxc5 $19 {is more deadly.} 41. a7 Ra5) 41. a7 $17 Rf8 {[%emt 0:00:03] Threatens to win with ...Ra8.} 42. Qa3 $2 (42. g4) 42... Ba4 (42... e3 $142 43. Rd1 e2) 43. Rb6 $2 (43. Qe3 Ra8 44. g4 Rxa7 45. g5) 43... Ra8 $19 44. h4 Rxa7 {[%emt 0:00:02] ...e3 is the strong threat.} 45. h5 Ra6 46. h6+ Kxh6 47. Qe3+ Kg6 48. Rb1 Rd6 {[%emt 0:00:01] Hoping for ...Rd3.} 49. Qf2 Rd1+ {[%emt 0:00:05] Black mates.} 50. Rxd1 Bxd1 51. Qd2 {[%emt 0:00:01] [#]} e3 $1 52. Qd8 (52. Qxd1 e2) 52... Bb3 53. Kf1 e2+ 54. Ke1 Bc4 {[%emt 0:00:02] Weighted Error Value: White=0.48/Black=0.20 (precise)} 0-1

[Event "Rosh Hashanah Rapid 2022"]
[Site "Ramat Gan"]
[Date "2022.09.25"]
[Round "6.7"]
[White "Veinberg, Nimrod"]
[Black "Sobel, Ido"]
[Result "1-0"]
[ECO "D35"]
[WhiteElo "2400"]
[BlackElo "1873"]
[Annotator "TA"]
[PlyCount "75"]
[EventDate "2022.09.25"]
[EventType "rapid"]
[EventCountry "ISR"]
[SourceTitle "playchess.com"]
[Source "ChessBase"]
[SourceQuality "1"]
[TimeControl "900+5"]

1. d4 d5 2. c4 e6 3. Nc3 Nf6 4. cxd5 exd5 5. Bg5 Be7 6. e3 O-O 7. Bd3 h6 8. Bf4 c6 {[%emt 0:00:25] 8...c5 might become the main line.} 9. h3 {[%emt 0:00:33] D35: Queen's Gambit Declined: Exchange Variation.} Bd6 10. Nge2 Re8 11. Qc2 {[%emt 0:00:03] White has an edge.} Na6 {[%emt 0:00:35] [#]} (11... b6 $11 {remains equal.}) 12. a3 $146 (12. Bxa6 $16 {Threatens to win with Bd3.} bxa6 13. O-O) ({Predecessor:} 12. Bxa6 bxa6 13. O-O Rb8 14. Rfc1 Bxf4 15. Nxf4 Bd7 16. b3 Qc8 17. Qe2 Qb7 18. Nd3 {1-0 (49) Ballai,Z (2303)-Herczeg,T (2150) Hungary 2010}) 12... Nc7 $11 13. O-O Nh5 14. Bxd6 Qxd6 15. b4 a6 16. Na4 Ne6 17. f4 g5 {[%emt 0:02:10] [#]} (17... Qc7 $11) 18. Bg6 $1 $36 {[%emt 0:03:23][%mdl 2048] White is really pushing.} Nf6 19. Bd3 Nh5 20. Nc5 (20. Rf3 $14) 20... gxf4 (20... a5 $11) 21. Nxe6 $14 Rxe6 ({Black should play} 21... Qxe6 22. Rf3 Kh8) 22. Nxf4 $16 Nxf4 23. Rxf4 Rxe3 {[%emt 0:00:28] [#]} 24. Bh7+ $2 (24. Raf1 $1 $18 Re7 25. Bh7+ Kg7 26. Qf2) 24... Kg7 {[%emt 0:00:52] [#] Black cannot hold the game after this.} ({Better is} 24... Kh8 $1 $14 25. Raf1 (25. Rxf7 Rg3 $11) 25... Be6) 25. Qf2 $1 $18 ({Don't take} 25. Raf1 $6 Re7 $16) 25... Re7 26. Qg3+ Kxh7 {[%emt 0:00:34] [#]} 27. Rxf7+ {[%emt 0:00:02][%mdl 576] Discovered Attack} Rxf7 28. Qxd6 {[%emt 0:00:01] aiming for g4.} Bf5 29. Rf1 Raf8 30. g4 Be4 (30... Bd3 31. Rxf7+ Rxf7) 31. Qxf8 {[%emt 0:00:02] Active counter play! White is clearly winning.} Rxf8 32. Rxf8 {[%emt 0:00:02][%mdl 4096] Endgame KR-KB} Kg6 33. Rb8 Kg5 34. Rxb7 Bd3 35. Rc7 Bb5 36. Rf7 Bd3 37. Kg2 Kh4 38. Rf6 {[%emt 0:00:07][%csl LRc6,LRh6] Weighted Error Value: White=0.26 (precise) /Black=0.34} 1-0

[Event "Rosh Hashanah Rapid 2022"]
[Site "Ramat Gan"]
[Date "2022.09.25"]
[Round "6.8"]
[White "Uritsky, Yonathan"]
[Black "Zak, Uriel"]
[Result "1-0"]
[ECO "C28"]
[WhiteElo "2236"]
[BlackElo "2262"]
[Annotator "TA"]
[PlyCount "99"]
[EventDate "2022.09.25"]
[EventType "rapid"]
[EventCountry "ISR"]
[SourceTitle "playchess.com"]
[Source "ChessBase"]
[SourceQuality "1"]
[TimeControl "900+5"]

1. e4 e5 2. Nc3 Nf6 3. Bc4 Nc6 4. d3 Bb4 5. Nge2 d5 6. exd5 Nxd5 7. O-O Be6 8. a3 Bxc3 9. bxc3 O-O 10. Rb1 {[%emt 0:00:07] C28: Vienna Game: 2...Nf6 3 Bc4 Nc6.} b6 {[%emt 0:00:20] [#]} 11. Bd2 $146 ({Predecessor:} 11. Bb3 Na5 12. c4 Ne7 13. Ng3 Ng6 14. Ne4 f6 15. Kh1 Qd7 16. Bd2 Nb7 17. Be3 Nd6 {½-½ (47) Lopez Gallego,M (1940)-Garcia Fernandez,J (2040) Terrassa 1996}) 11... Nce7 12. Bb3 {[%emt 0:00:15] The position is equal.} c5 13. d4 (13. c4 $5 Nf6 14. Nc3 $11) 13... exd4 14. cxd4 Ng6 15. c4 Nf6 16. d5 Bf5 17. Rc1 Ne4 18. Be3 Re8 19. Bc2 Nd6 {[%emt 0:00:04] With the idea ...Bxc2.} 20. Bxf5 Nxf5 {[%emt 0:00:02] Pair of Knights!} 21. Qd3 (21. Rc3 $11) 21... Nxe3 (21... Nd6 $17) 22. fxe3 $11 Qe7 23. Rc3 Ne5 24. Qf5 g6 25. Qf4 Nd7 26. e4 f6 27. Ng3 Qe5 28. Rc2 a6 29. Qg4 Qd4+ 30. Kh1 Ne5 31. Qh4 (31. Qe2 $11 Nd7 32. Rcc1) 31... Rf8 $36 {[%emt 0:00:17][%mdl 2048] White is under pressure.} (31... Nxc4 $17 {...Ne3 is the strong threat.} 32. Rcc1 (32. Qxf6 Qxf6 33. Rxf6 Nxa3 $17) 32... Nd6 33. Qxf6 Qxf6 34. Rxf6 Rad8) 32. Rcf2 $15 Nxc4 33. Rxf6 Rxf6 34. Rxf6 ({Much weaker is} 34. Qxf6 Qxf6 35. Rxf6 b5 $17) 34... Rf8 (34... Ne3 $15 35. Ne2 Qd1+ 36. Ng1 Qg4 37. Qxg4 Nxg4) 35. Rxf8+ $11 Kxf8 {[%emt 0:00:01][%mdl 4096] Endgame KQN-KQN} 36. h3 Qe5 37. a4 ({Much worse is} 37. Qd8+ Kg7 38. Qd7+ Kh6 $17) 37... Kg7 {[%emt 0:00:06] Threatens to win with ...Nd6.} 38. Ne2 (38. Nf1 $17) 38... Qa1+ $2 (38... Nd6 $19 39. Ng1 Nxe4) 39. Kh2 {[%emt 0:00:01] [#]} (39. Ng1 $1 $11 {remains equal.} Qf6 40. Qg3) 39... Qe5+ (39... Qf6 $1 $17 40. Qg3 Qe5) 40. Kh1 $19 Qa1+ $2 (40... Nd6 $19 41. Ng1 Nxe4) 41. Ng1 {[%emt 0:00:16] Strongly threatening Qe7+.} Qf6 {[%emt 0:00:10] Inhibits Qe7+.} 42. Qg4 Ne5 43. Qc8 a5 (43... Nd3 $11 44. Nf3 Nf2+ 45. Kg1 Nxe4) 44. Qc7+ $14 Kh6 $2 {[%emt 0:00:00][%mdl 8192] [#] This costs Black the game.} ({Black should play} 44... Nf7 $1 $14) 45. d6 $1 $18 {[%emt 0:00:06] aiming for d7.} c4 $2 (45... Nf7 {was called for.}) 46. d7 Nf7 {[%emt 0:00:00] Prevents d8Q.} 47. Qxc4 Nd8 (47... Kg7 $142 48. Nf3 Nd8) 48. Qc7 Qe7 49. Nf3 Nf7 (49... Kg7 $18 50. e5 h6) 50. d8=Q {[%emt 0:00:15] Weighted Error Value: White=0.36/Black=0.64} 1-0